 Dungeon Crawl Stone Soup version 0.29.0 (webtiles) character file.

Game seed: 13800585419586060483

2631 mattm the Fighter (level 9, -2/86 HPs)
             Began as a Hill Orc Cinder Acolyte on Sept 11, 2022.
             Was an Initiate of Gozag.
             Slain by a fire elemental (7 damage)
             ... created by the fiery vengeance of Ignis
             ... on level 7 of the Dungeon.
             The game lasted 00:16:12 (7586 turns).

mattm the Fighter (Hill Orc Cinder Acolyte)         Turns: 7586, Time: 00:16:13

Health: -2/86      AC: 11    Str: 21    XL:     9   Next: 61%
Magic:  10/10      EV: 10    Int: 14    God:    Gozag
Gold:   585        SH:  0    Dex:  8    Spells: 10/10 levels left

rFire   . . .      SeeInvis .   E - +3 glaive (venom)
rCold   x . .      Faith    .   (shield currently unavailable)
rNeg    . . .      Spirit   .   I - +3 ring mail of the Everdark {rPois Stlth+}
rPois   +          Reflect  .   (no helmet)
rElec   .          Harm     .   p - scarf {+Inv}
rCorr   .          Rampage  .   C - +0 pair of gloves
Will    .....                   w - +0 pair of boots
Stlth   +.........              i - amulet of the acrobat
HPRegen 0.24/turn               q - ring of Peomojug {Fire Dex+2}
MPRegen 0.12/turn               (no ring)

@: fire susceptible
A: no striking features
a: Renounce Religion, Evoke Invisibility, Potion Petition, Call Merchant, Bribe
Branch


You were on level 7 of the Dungeon.
You worshipped Gozag.
Gozag was pleased with you.
You visited 2 branches of the dungeon, and saw 8 of its levels.
You also visited: Sewer.

You collected 664 gold pieces.
You paid 79 gold pieces to Gozag.

Inventory:

Hand Weapons
 E - a +3 glaive of venom (weapon)
Armour
 p - a scarf of invisibility (worn)
 w - a +0 pair of boots (worn)
 C - a +0 pair of gloves (worn)
 I - the +3 ring mail of the Everdark (worn) {rPois Stlth+}
   (You found it on level 5 of the Dungeon)

   rPois:     It protects you from poison.
   Stlth:     It makes you more stealthy.
Jewellery
 i - an amulet of the acrobat (around neck)
 o - a ring of fire
 q - the ring of Peomojug (left hand) {Fire Dex+2}
   (You found it on level 3 of the Dungeon)

   [ring of fire]

   It enhances your fire magic.
   Dex:       It affects your dexterity (+2).
   rF:        It protects you from fire.
   rC:        It makes you vulnerable to cold.
Wands
 A - a wand of paralysis (23)
 D - a wand of flame (48)
Scrolls
 g - a scroll of summoning
 h - 3 scrolls of teleportation {unknown}
 j - 3 scrolls of immolation {unknown}
 l - 2 scrolls of enchant weapon {unknown}
 n - a scroll of brand weapon {unknown}
 u - 3 scrolls of vulnerability {unknown}
 x - 3 scrolls of fog {unknown}
 F - a scroll of magic mapping {unknown}
 G - a scroll of fear {unknown}
Potions
 c - 2 potions of resistance
 e - a potion of might
 k - a potion of cancellation
 m - 2 potions of lignification
 r - a potion of haste
 s - a potion of mutation
 z - 3 potions of curing
 H - 3 potions of heal wounds
 J - a potion of flight
 K - 3 potions of attraction
 L - a potion of invisibility


   Skills:
 - Level 10.9 Fighting
 - Level 4.0(8.4) Axes
 - Level 9.7(10.0) Polearms
 + Level 3.2 Armour
 - Level 1.0 Spellcasting
 - Level 3.2 Fire Magic


You had 10 spell levels left.
You didn't know any spells.
Your spell library contained the following spells:

 Spells                   Type           Power      Damage    Failure   Level
 Scorch                   Fire           28%        2d6       17%         2
 Necrotise                Necr           0%         1d4       38%         1
 Poisonous Vapours        Pois/Air       0%         N/A       54%         2
 Tukima's Dance           Hex            0%         N/A       77%         3
 Vampiric Draining        Necr           0%         2d6       77%         3
 Passage of Golubria      Tloc           0%         N/A       99%         4
 Agony                    Necr           0%         N/A       100%        5
 Yara's Violent Unravell  Hex/Tmut       0%         3d3       100%        5
 Corpse Rot               Necr/Pois/Air  Unusable   N/A       N/A         4

Dungeon Overview and Level Annotations

Branches:
Dungeon (7/15)             Temple (1/1) D:5           Sewer (visited)

Altars:
Ashenzari
Cheibriados
Dithmenos
Elyvilon
Gozag
Hepliaklqana
Makhleb
Nemelex Xobeh
Okawaru
Qazlal
Ru
Trog
Uskayaw
Wu Jian
Xom
Zin
The Shining One

Shops:
D:7 (


Message History

You're too confused to attack without stumbling around!
You slice the kobold!!
You kill the kobold!
The kobold misses you. Something hits you.
You're too confused to move!
The kobold barely misses you. Something hits you.
The kobold hits you but does no damage.
You feel less confused. The kobold completely misses you.
You closely miss the kobold. Something hits you but does no damage.
You slice the kobold!!
You kill the kobold!
The kobold closely misses you.
You hear some strange, mumbled words.
A puff of flame appears from out of thin air!
The puff of flame hits you but does no damage.
You miss something. The kobold barely misses you.
Something hits you but does no damage.
You slice something!!
Reactivating autopickup.
You feel a bit more experienced. The kobold closely misses you.
The kobold hits you but does no damage.
You slice the kobold!!
You kill the kobold! "These will know how to inflict the punishment due to you!" 3 fire elementals come into view.
You barely miss the fire elemental. You barely miss the fire elemental.
The fire elemental hits you. The fire elemental burns you!
You slice the fire elemental!!
The fire elemental is almost destroyed.
The fire elemental hits you. The fire elemental burns you!
* * * LOW HITPOINT WARNING * * *
The fire elemental hits you. The fire elemental burns you!
* * * LOW HITPOINT WARNING * * *
The fire elemental hits you. The fire elemental burns you!
* * * LOW HITPOINT WARNING * * *
The fire elemental barely misses you. The fire elemental hits you.
The fire elemental burns you!
You die...
Your body crumbles into a pile of gold.

.....=.....#....
#.............
##...>........K
#........###...
# ####..........
#! #......[...
#.. ##$$........
.. $#$E#########
#.####E@# $
+....°.E#$
+.#....°## $
+...#<...#
#.#####..## #
#####...#
##.......##
#.........#
##.....##.##


You could see 3 fire elementals.

Vanquished Creatures
  2 fire elementals (D:6)
  A steam dragon (D:7)
  Edmund (D:5)
  A water moccasin (Sewer)
  A black bear (D:5)
  2 sky beasts (D:7)
  2 ice beasts
  6 ogres
  A centaur (D:7)
  2 phantoms
  2 kobold brigands
  3 scorpions
  2 howler monkeys (D:7)
  An orc priest (D:7)
  5 hounds
  3 jellies
  2 iguanas
  Ijyb (D:5)
  7 orc wizards
  A mummy (D:6)
  5 adders
  A shadow imp (D:6)
  2 worms (D:3)
  A dart slug (D:4)
  16 orcs
  8 ball pythons
  8 endoplasms
  11 giant cockroaches
  6 goblins
  5 hobgoblins
  2 jackals (Sewer)
  14 kobolds
  2 quokkas
  A bat (D:1)
  5 frilled lizards
  A hobgoblin zombie (D:6)
  2 kobold zombies (D:6)
  An orc zombie (D:6)
  13 rats
150 creatures vanquished.

Vanquished Creatures (others)
  45 foxfires
45 creatures vanquished.

Grand Total: 195 creatures vanquished

Notes
Turn   | Place    | Note
-------+----------+-------------------------------------------
     0 | D:1      | mattm the Hill Orc Cinder Acolyte began the quest for the
                  | Orb.
     0 | D:1      | Reached XP level 1. HP: 19/19 MP: 2/2
    36 | D:1      | Reached skill level 4 in Fighting
   386 | D:1      | Reached XP level 2. HP: 27/27 MP: 3/3
   870 | D:1      | Noticed a shining eye
   873 | D:1      | Found a faded altar of an unknown god.
   880 | D:1      | Noticed an eye of devastation
   880 | D:1      | Noticed a shining eye
   880 | D:1      | Noticed a golden eye
  1081 | D:1      | Reached XP level 3. HP: 35/35 MP: 4/4
  1087 | D:1      | Reached skill level 5 in Fighting
  1914 | D:2      | Noticed a phantom
  1923 | D:2      | Killed a phantom
  1924 | D:2      | Reached skill level 6 in Fighting
  1924 | D:2      | Reached XP level 4. HP: 45/45 MP: 5/5
  1924 | D:2      | Reached XP level 5. HP: 51/51 MP: 6/6
  2257 | D:3      | Identified the ring of Peomojug {Fire Dex+2}
  2281 | D:3      | Found a glowing drain.
  2383 | D:3      | Reached skill level 7 in Fighting
  2478 | Sewer    | Entered a sewer
  2533 | Sewer    | Noticed a water moccasin
  2535 | Sewer    | Killed a water moccasin
  2536 | Sewer    | Reached skill level 8 in Fighting
  2536 | Sewer    | Reached XP level 6. HP: 61/61 MP: 7/7
  3668 | D:4      | Noticed an ice beast
  3675 | D:4      | Killed an ice beast
  3676 | D:4      | Reached skill level 9 in Fighting
  3691 | D:4      | Reached XP level 7. HP: 62/70 MP: 8/8
  3782 | D:4      | Paralysed by an orc wizard for 3 turns
  3786 | D:4      | Paralysed by an orc wizard for 3 turns
  3791 | D:4      | Paralysed by an orc wizard for 4 turns
  4075 | D:4      | Found an ornate altar of the Wu Jian Council.
  4075 | D:4      | Found a shimmering altar of Xom.
  4196 | D:4      | Reached skill level 10 in Fighting
  4846 | D:5      | Entered Level 5 of the Dungeon
  4866 | D:5      | Noticed Edmund
  4891 | D:5      | Killed Edmund
  5227 | D:5      | Reached XP level 8. HP: 77/80 MP: 9/9
  5230 | D:5      | HP: 2/80 [ogre/+0 giant club (17)]
  5616 | D:5      | Found a staircase to the Ecumenical Temple.
  5706 | D:5      | Noticed Ijyb
  5711 | D:5      | Killed Ijyb
  5717 | D:5      | Identified the +3 ring mail of the Everdark {rPois Stlth+}
  5749 | Temple   | Entered the Ecumenical Temple
  5879 | Temple   | Fell from the grace of Ignis
  5879 | Temple   | Became a worshipper of Gozag Ym Sagoz the Greedy
  5972 | D:5      | Found an iron altar of Okawaru.
  6022 | D:5      | Reached skill level 5 in Polearms
  6705 | D:6      | Reached XP level 9. HP: 86/86 MP: 10/10
  7459 | D:7      | Found Exzod's Weapon Emporium.
  7497 | D:7      | Reached skill level 1 in Armour
  7586 | D:7      | Slain by a fire elemental

Illustrated notes

Levels and vault maps discovered:
D:1:      saegor_arrival_miasma, layout_basic,
          hellmonk_ecumenical_altar_watching_god,
          nicolae_concentric_dashed_squares_mild, nicolae_titane
D:2:      layout_loops_cross, minmay_rat_gold_closets
D:3:      layout_loops_ring, gup_sewer_entry_pipe, nrook_loot_triangle
D:4:      layout_basic, nicolae_overflow_two_pavilions,
          hangedman_decor_diamond_cutter, minmay_quadrilaterals
D:5:      layout_cave_pools, mainiacjoe_overflow_catwalk,
          minmay_temple_entry_ruins, uniq_edmund, uniq_ijyb
D:6:      hellmonk_ruined_rings, layout_rooms, serial_glass, glass_columns_b,
          glass_columns_c, grunt_decor_resistance, minmay_mini_ossuary
D:7:      minmay_the_grid_triangle_9x9_recursive_2
          [minmay_the_grid_triangle_9x9_prize_special,
          minmay_the_grid_triangle_9x9_alien,
          minmay_the_grid_triangle_9x9_negative_grid,
          minmay_the_grid_triangle_9x9_tough_junction], layout_cave_pools,
          serial_shops, kennysheep_little_box, serial_column_ruins,
          column_ruins_hut, column_ruins_circle_large, column_ruins_open_small,
          column_ruins_grid_1, column_ruins_grid_1,
          column_ruins_columns_dead_end, column_ruins_open_medium, eino_jars
Temple:   eino_narrow_crystal_temple

Skill      XL: |  1  2  3  4  5  6  7  8  9 |
---------------+----------------------------+-----
Fighting       | 4 6 8 9 10 | 10.9
Polearms       | 2 7 9 |  9.7
Armour         | 3 |  3.2
Axes           | |  4.0
Spellcasting   | |  1.0
Fire Magic     | |  3.2

Action                   |  1- 3 |  4- 6 |  7- 9 || total
-------------------------+-------+-------+-------++-------
Melee: Hand axe          |   124 |    97 |    97 ||   318
       Punch             |     1 |     1 |     5 ||     7
       Glaive            |       |       |   179 ||   179
Invok: Fiery Armour      |     1 |     1 |       ||     2
       Foxfire Swarm     |       |     2 |     1 ||     3
       Rising Flame      |       |       |     1 ||     1
  Use: Scroll            |       |     4 |     8 ||    12
       Potion            |       |     1 |     2 ||     3
 Stab: Distracted        |       |       |     1 ||     1
Armor: Robe              |     6 |       |       ||     6
       Chain mail        |    38 |    35 |    67 ||   140
       Ring mail         |       |       |    81 ||    81
Dodge: Dodged            |    47 |    29 |   123 ||   199
